 Dungeon Crawl Stone Soup version 0.19.1 (webtiles) character file.

1075 Host24 the Fighter (level 8, 0/72 HPs)
             Began as a Kobold Hunter on Dec 31, 2016.
             Killed by divine providence
             ... invoked by an orc priest
              (11 damage)
             ... on level 6 of the Dungeon.
             The game lasted 00:08:56 (5275 turns).

Host24 the Fighter (Kobold Hunter)                  Turns: 5275, Time: 00:08:57

Health: 0/72       AC: 24    Str:  7    XL:     8   Next: 54%
Magic:  7/7        EV:  3    Int: 17    God:
Gold:   277        SH:  0    Dex: 18    Spells: 0 memorised, 7 levels left

rFire  . . .     SeeInvis .     a - +1 hand crossbow
rCold  . . .     Gourm    .     (armour currently unavailable)
rNeg   + + +     Faith    .     (shield restricted)
rPois  +         Spirit   .     (helmet currently unavailable)
rElec  .         Reflect  .     (cloak currently unavailable)
rCorr  .         Harm     .     (gloves currently unavailable)
MR     .....     NoTele   +     (boots currently unavailable)
Stlth  ++........               (no amulet)
                                (no ring)
                                (no ring)

@: brilliant, tree-form, very slightly contaminated, hasted, very quick
A: blurry vision 1, carnivore 3, frail 1, low mp 1, teleportitis 1, weak 1
a: no special abilities


You were on level 6 of the Dungeon.
You were very full.
You were a tree.
You visited 1 branch of the dungeon, and saw 6 of its levels.

You collected 277 gold pieces.

Inventory:

Hand Weapons
 a - a +1 hand crossbow (weapon)
 r - a +0 dagger of electrocution
 v - a cursed -3 dagger
Missiles
 d - 52 bolts (quivered)
 i - 190 stones
 n - a throwing net
 s - 76 arrows
 w - 58 poisoned needles
 z - 36 sling bullets
Armour
 c - a +0 leather armour (melded)
 o - a +0 cloak (melded)
 G - a +0 helmet (melded)
Magical Staves
 N - an uncursed staff of cold {unknown}
Jewellery
 l - an uncursed amulet of faith {unknown}
 u - an uncursed amulet of regeneration {unknown}
 B - a cursed -6 ring of protection {unknown}
 C - a +2 ring of protection {unknown}
 H - an uncursed amulet of the gourmand {unknown}
 P - a cursed -2 ring of protection {unknown}
Scrolls
 e - 2 scrolls of enchant weapon {unknown}
 h - 3 scrolls of teleportation {unknown}
 j - 4 scrolls of remove curse {unknown}
 k - 2 scrolls of magic mapping {unknown}
 q - 5 scrolls of identify {unknown}
 x - 2 scrolls of fear {unknown}
 y - a scroll of immolation {unknown}
 A - a scroll of amnesia {unknown}
 F - a scroll of recharging {unknown}
 K - a scroll of fog {unknown}
 M - a scroll of blinking {unknown}
Books
 E - a book of Changes

   Spells                             Type                      Level
   a - Beastly Appendage              Transmutation                1
   b - Sticks to Snakes               Transmutation                2
   c - Spider Form                    Transmutation/Poison         3
   d - Ice Form                       Ice/Transmutation            4
   e - Blade Hands                    Transmutation                5
 O - a book of Unlife

   Spells                             Type                      Level
   a - Recall                         Summoning/Translocation      3
   b - Animate Dead                   Necromancy                   4
   c - Control Undead                 Necromancy                   4
   d - Cigotuvi's Embrace             Necromancy                   5
   e - Death Channel                  Necromancy                   6
   f - Simulacrum                     Ice/Necromancy               6
Comestibles
 f - 2 meat rations
 g - a slice of pizza
 m - a beef jerky


   Skills:
 - Level 8.1 Fighting
 - Level 6.0 Crossbows
 + Level 6.8 Dodging
 - Level 1.3 Stealth


You had 7 spell levels left.
You didn't know any spells.

Dungeon Overview and Level Annotations

Branches:
Dungeon (6/15)
 Temple: D:4-7

Altars:

Shops:
D:4 *   D:5 =

Annotations:
D:3 Host24's ghost, amateur KoHu


Innate Abilities, Weirdness & Mutations

You are small and have problems with some larger weapons.
You are carnivorous and can eat meat at any time.
Scrolls take you a little longer to read.
You are frail. (-10% HP)
Your magical capacity is low. (-10% MP)
You are occasionally teleported next to monsters.
You are weak. (Str -2)


Message History

You feel clever all of a sudden.
The orc priest casts a cantrip, but nothing happens.
You feel extremely strange.
You feel weaker.
You feel frail.
Unknown command.
Firing (i - inventory. (,) - cycle):
d - 54 bolts (quivered)
Press: ? - help, Shift-Dir - straight line, f - orc priest
Aim: an orc priest, wearing a chain mail You shoot a bolt.
The bolt hits the orc priest.
The orc priest is moderately wounded.
The orc priest hits you but does no damage.
Firing (i - inventory. (,) - cycle):
d - 53 bolts (quivered)
Press: ? - help, Shift-Dir - straight line, f/p - orc priest
Aim: an orc priest, wearing a chain mail (moderately wounded)
You shoot a bolt.
The bolt barely misses the orc priest. x2
The orc priest calls upon Beogh to heal the orc priest.
The orc priest's wounds heal themselves!
The orc priest calls down the wrath of Beogh upon you.
Beogh smites you!
You die...

≈P ≈≈ .. ## ## ....####
#.# ... ........#.. ....
.. .....#.#... ..... ...
....... #.#####.(....
..).#...#..##...♣oo....(.
....#...#....######......
#..#...##.#....)## .....
#......##..####..# ....
.#......###.......... ...
.................##... ##
#................# .#
###..............# #
#...........##.####


You could see 2 orc priests.

Vanquished Creatures
  A wraith (D:6)
  An ice beast (D:5)
  An ogre (D:5)
  A centaur (D:6)
  2 bullfrogs
  A water moccasin skeleton (D:6)
  3 crimson imps (D:5)
  An orc priest (D:6)
  A hound (D:4)
  A bullfrog skeleton (D:4)
  4 worker ants
  A hound skeleton (D:4)
  A howler monkey skeleton (D:4)
  7 gnolls
  4 adders
  An ooze (D:2)
  An adder zombie (D:5)
  3 dart slugs
  2 leopard geckos
  4 orcs
  4 giant cockroaches
  3 goblins
  6 hobgoblins
  6 jackals
  4 quokkas
  3 ball pythons
  11 bats
  3 frilled lizards (D:2)
  9 kobolds
  5 rats
95 creatures vanquished.

Vanquished Creatures (others)
  3 fungi (D:6)
3 creatures vanquished.

Grand Total: 98 creatures vanquished

Notes
Turn   | Place    | Note
-------+----------+-------------------------------------------
     0 | D:1      | Host24 the Kobold Hunter began the quest for the Orb.
     0 | D:1      | Reached XP level 1. HP: 12/12 MP: 1/1
   284 | D:1      | Reached XP level 2. HP: 18/18 MP: 2/2
   480 | D:1      | Reached skill level 3 in Fighting
   997 | D:1      | Reached XP level 3. HP: 15/23 MP: 3/3
  1343 | D:2      | Reached skill level 5 in Crossbows
  1512 | D:2      | Reached XP level 4. HP: 28/28 MP: 4/4
  2185 | D:2      | Reached XP level 5. HP: 30/32 MP: 5/5
  2320 | D:2      | Found a faded altar of an unknown god.
  2499 | D:3      | Reached skill level 4 in Fighting
  2839 | D:3      | Noticed Host24's ghost (amateur KoHu)
  3264 | D:4      | Reached skill level 5 in Fighting
  3264 | D:4      | Reached XP level 6. HP: 30/40 MP: 6/6
  3827 | D:4      | Found Puyps's Assorted Antiques.
  4051 | D:5      | Entered Level 5 of the Dungeon
  4059 | D:5      | Noticed an ice beast
  4076 | D:5      | Killed an ice beast
  4076 | D:5      | Reached skill level 5 in Dodging
  4100 | D:5      | Reached XP level 7. HP: 44/44 MP: 7/7
  4125 | D:5      | Found Vontaez's Jewellery Shoppe.
  4412 | D:5      | Reached skill level 6 in Fighting
  4621 | D:5      | Reached skill level 7 in Fighting
  4907 | D:6      | Noticed a wraith
  4923 | D:6      | Killed a wraith
  4923 | D:6      | Reached skill level 8 in Fighting
  4923 | D:6      | Reached XP level 8. HP: 40/54 MP: 8/8
  5268 | D:6      | HP: 2/54 [orc priest (3)]
  5270 | D:6      | Gained mutation: Your magical capacity is low. (-10% MP) [potion of mutation]
  5270 | D:6      | Gained mutation: You are occasionally teleported next to monsters. [potion of mutation]
  5270 | D:6      | Gained mutation: Scrolls take you a little longer to read. [potion of mutation]
  5273 | D:6      | Gained mutation: You are weak. (Str -2) [potion of mutation]
  5273 | D:6      | Gained mutation: You are frail. (-10% HP) [potion of mutation]
  5275 | D:6      | Killed from afar by an orc priest

Skill      XL: |  1  2  3  4  5  6  7  8 |
---------------+-------------------------+-----
Fighting       | 3 5 8 |  8.1
Dodging        | 3 5 6 |  6.8
Crossbows      | 5 6 |  6.0
Stealth        | |  1.3

Action                   |  1- 3 |  4- 6 |  7- 9 || total
-------------------------+-------+-------+-------++-------
Melee: Short sword       |    95 |    78 |       ||   173
       Dagger            |       |    92 |    93 ||   185
 Fire: Hand crossbow     |     8 |    11 |    26 ||    45
  Use: Potion            |       |       |     8 ||     8
 Stab: Sleeping          |     4 |     4 |       ||     8
  Eat: Chunk             |     9 |     6 |     7 ||    22
Armor: Leather armour    |    35 |    43 |    16 ||    94
       Skin              |       |       |     3 ||     3
Dodge: Dodged            |    91 |   166 |    89 ||   346
